 Dungeon Crawl Stone Soup version 0.30-a0-989-g0d87f670db (webtiles) character file.

Game seed: 9700649041405132871

14814 Zdeegee the Unseen (level 12, -1/71 HPs)
             Began as a Kobold Brigand on Apr 2, 2023.
             Was a Priest of Dithmenos.
             Engulfed by a cloud of freezing vapour (14 damage)
             ... in an ice cave.
             The game lasted 00:40:32 (13371 turns).

Zdeegee the Unseen (Kobold Brigand)                Turns: 13371, Time: 00:40:32

Health: -1/71      AC: 11    Str: 10    XL:     12   Next: 49%
Magic:  15/17      EV: 26    Int: 12    God:    Dithmenos [***...]
Gold:   826        SH:  0    Dex: 20    Spells: 14/18 levels left

rFire   + + .      SeeInvis .    a - +2 dagger "Qanuv" {drain, rF+}
rCold   . . .      Faith    .    (no shield)
rNeg    . . .      Spirit   .    V - +0 steam dragon scales
rPois   .          Reflect  .    r - +2 hat
rElec   .          Rampage  .    h - +1 cloak
rCorr   .                        s - +0 pair of gloves
Will    .....                    T - +0 pair of boots
Stlth   ++++++++++               P - amulet of regeneration
HPRegen 1.11/turn                x - ring of protection from fire
MPRegen 0.15/turn                U - +5 ring of evasion

@: wreathed by umbra
A: small, no large weapons, nightstalker 3
a: Renounce Religion, Shadow Step


You were in an ice cave.
You worshipped Dithmenos.
Dithmenos was most pleased with you.
You visited 2 branches of the dungeon, and saw 12 of its levels.
You also visited: Ice Cave.

You collected 826 gold pieces.

Inventory:

Hand Weapons
 a - the +2 dagger "Qanuv" (weapon) {drain, rF+}
   (You found it on level 6 of the Dungeon)

   rF:        It protects you from fire.
 b - a +0 sling of electrocution
 c - a +1 demon whip of venom
Missiles
 d - 25 poisoned darts
 e - 7 curare-tipped darts
 I - 3 throwing nets
 Q - 4 atropa-tipped darts
Armour
 h - a +1 cloak (worn)
 r - a +2 hat (worn)
 s - a +0 pair of gloves (worn)
 J - a +0 buckler
 N - a +0 troll leather armour
 T - a +0 pair of boots (worn)
 V - +0 steam dragon scales (worn)
 Z - a +3 leather armour of poison resistance
Magical Staves
 O - the staff of cold "Bocleab" {rC+ rCorr Int+2}
   (You found it on level 5 of the Dungeon)

   [staff of cold]

   Base accuracy: +5 Base damage: 5 Base attack delay: 1.2 This weapon's minimum
   attack delay (0.6) is reached at skill level 12.
   Int:       It affects your intelligence (+2).
   rC:        It protects you from cold.
   rCorr:     It protects you from acid and corrosion.
   It falls into the 'Staves' category.
   It is a two-handed weapon.
Jewellery
 j - an amulet of reflection
 x - a ring of protection from fire (left hand)
 A - a ring of fire
 F - a ring of positive energy
 P - an amulet of regeneration (around neck)
 U - a +5 ring of evasion (right hand)
 W - a ring of resist corrosion
Wands
 g - a wand of paralysis (1)
 u - a wand of digging (3)
 z - a wand of iceblast (16)
 X - a wand of light (8)
Scrolls
 n - a scroll of noise {unknown}
 o - a scroll of silence {unknown}
 p - 7 scrolls of teleportation
 q - 2 scrolls of brand weapon {unknown}
 t - a scroll of enchant armour
 v - a scroll of enchant weapon {unknown}
 C - 2 scrolls of poison {unknown}
 D - a scroll of magic mapping {unknown}
 G - 2 scrolls of vulnerability {unknown}
 H - a scroll of fear
 K - 2 scrolls of blinking {unknown}
Potions
 f - 3 potions of magic
 i - a potion of resistance
 k - 7 potions of curing
 l - 3 potions of berserk rage
 m - 3 potions of invisibility
 w - 3 potions of attraction
 y - a potion of degeneration {unknown}
 B - a potion of flight
 E - 3 potions of brilliance
 L - 2 potions of cancellation
 M - 2 potions of mutation {unknown}
 R - 3 potions of lignification
 Y - a potion of ambrosia {unknown}


   Skills:
 * Level 6.7 Fighting
 * Level 10.4 Short Blades
 + Level 1.2 Ranged Weapons
 + Level 2.3 Throwing
 * Level 8.8 Dodging
 + Level 15.1 Stealth
 * Level 2.5 Shields
 + Level 3.7 Spellcasting
 * Level 7.1 Hexes
 * Level 4.7 Invocations
 + Level 6.7 Evocations


You had 14 spell levels left.
You knew the following spells:

 Your Spells              Type           Power      Damage    Failure   Level
a - Confusing Touch       Hex            19%        N/A       3%          3
b - Slow                  Hex            76%        N/A       1%          1

Your spell library contained the following spells:

 Spells                   Type           Power      Damage    Failure   Level
 Static Discharge         Conj/Air       4%         2-3/arc   34%         2
 Sublimation of Blood     Necr           2%         N/A       34%         2
 Wereblood                Tmut           2%         N/A       34%         2
 Ignite Poison            Fire/Tmut/Pois 2%         N/A       56%         3
 Vampiric Draining        Necr           2%         2d6       56%         3
 Vhi's Electric Charge    Tloc/Air       4%         N/A       56%         3
 Animate Dead             Necr           2%         N/A       92%         4
 Sticky Flame             Conj/Fire      2%         2d3       92%         4
 Arcjolt                  Conj/Air       1%         1d11      99%         5
 Freezing Cloud           Conj/Ice/Air   1%         6-21      99%         5
 Plasma Beam              Fire/Air       1%         2x1d8     99%         5
 Simulacrum               Ice/Necr       1%         N/A       100%        6
 Haunt                    Necr/Summ      1%         N/A       100%        7
 Summon Hydra             Summ           1%         N/A       100%        7
 Ignition                 Fire           1%         3d3       100%        8
 Infestation              Necr           1%         N/A       100%        8
 Polar Vortex             Ice            1%         N/A       100%        9


Dungeon Overview and Level Annotations

Branches:
Dungeon (11/15)            Temple (1/1) D:4             Orc (0/2) D:9
  IceCv (1/1)
   Lair: D:8-11

Altars:
Ashenzari
Cheibriados
Dithmenos
Elyvilon
Fedhas
Gozag
Hepliaklqana
Kikubaaqudgha
Makhleb
Nemelex Xobeh
Okawaru
Qazlal
Ru
Sif Muna
Trog
Uskayaw
Vehumet
Wu Jian
Xom
Yredelemnul
Zin
The Shining One

Shops:
D:4 *

Annotations:
D:10 7 transporters IceCv exclusion: ice statue


Innate Abilities, Weirdness & Mutations

You are small and have problems with some larger weapons.
You are completely attuned to the shadows.


Message History

You step into the freezing wraith's shadow.
The helpless freezing wraith fails to defend itself.
You stick the freezing wraith like a pincushion!!!!
You destroy the freezing wraith!
Dithmenos accepts your kill.
R - 3 potions of lignification (gained 1) HP restored.
Magic restored.
A reaper and 6 simulacra come into view.
The reaper is wielding a +2 scythe of freezing.
The harpy simulacrum misses you.
The harpy simulacrum claws you but does no damage.
The harpy simulacrum misses you. x2
The harpy simulacrum misses you. The harpy simulacrum claws you.
The harpy simulacrum freezes you!
Your hands begin to glow red.
The harpy simulacrum barely misses you. The harpy simulacrum misses you. x3
You hit the harpy simulacrum but do no damage.
The harpy simulacrum appears confused.
You are engulfed in freezing vapours.
No reachable target in view!
You are engulfed in freezing vapours.
The harpy simulacrum closely misses you.
The harpy simulacrum barely misses you.
You hit the harpy simulacrum.
The harpy simulacrum is lightly damaged.
You are engulfed in freezing vapours.
You are engulfed in freezing vapours.
* * * LOW HITPOINT WARNING * * *
Okay, then.
You feel much better.
You are engulfed in freezing vapours.
You puncture the harpy simulacrum!
The harpy simulacrum is heavily damaged.
You are engulfed in freezing vapours.
* * * LOW HITPOINT WARNING * * *
You are engulfed in freezing vapours.
* * * LOW HITPOINT WARNING * * *
Dithmenos accepts your kill.
You feel a bit more experienced.
You are engulfed in freezing vapours.
You die...

#..##### #..#
##.#
#.####.####.#
##..#
#..##..:# #..
##..##
##.##.⌠.#
##..#...#
#......#
#..°○.##
##..#.##
##.○8°#
#####.##
##...#
##.##☼# #..##
#.@#§## ..##
Z...#§##
Z2Z.#§###☼#
Z..###§§§☼#
#Z# ##.○##
###


You could see a reaper (wandering), a dire elephant simulacrum (wandering), a
harpy simulacrum (confused), 2 naga simulacra and a troll simulacrum
(wandering).

Vanquished Creatures
  2 two-headed ogres
  Amaemon (D:9)
  An orange demon (D:9)
  Maggie (D:8)
  An unseen horror (D:10)
  A freezing wraith (IceCv)
  An ice devil (IceCv)
  A hornet (D:10)
  5 trolls
  Sigmund (D:2)
  A vampire (D:11)
  2 wyverns
  A dire elephant simulacrum (IceCv)
  14 yaks
  A death yak simulacrum (IceCv)
  4 steam dragons
  2 vampire mosquitoes (D:11)
  A harpy simulacrum (IceCv)
  The ghost of Bediveer the Digger, an amateur GrEE (D:3)
  2 water moccasins
  Duvessa (D:7)
  7 orc warriors
  3 ice beasts
  A black bear (D:5)
  7 ogres
  4 centaurs
  3 kobold brigands
  A bullfrog (D:5)
  2 necrophages (D:6)
  Blork the orc (D:5)
  A cane toad simulacrum (IceCv)
  8 two-headed ogre simulacra (IceCv)
  5 gnoll sergeants (D:9)
  6 scorpions
  9 wights
  2 water moccasin skeletons (D:3)
  Dowan (D:6)
  3 elephant simulacra (IceCv)
  2 howler monkeys
  A centaur zombie (D:6)
  A bullfrog zombie (D:6)
  6 hounds
  A human zombie (D:6)
  4 jellies (D:5)
  Crazy Yiuf (D:4)
  3 gnoll boudas
  9 orc priests
  A bullfrog skeleton (D:3)
  2 sleepcaps
  5 iguanas
  Ijyb (D:4)
  Natasha (thrice) (D:2)
  5 orc wizards
  6 spriggan simulacra
  4 troll simulacra (IceCv)
  4 polar bear simulacra (IceCv)
  2 killer bee zombies
  2 howler monkey zombies (D:6)
  Robin (D:3)
  10 adders
  13 gnolls
  6 naga simulacra (IceCv)
  A shadow imp (D:6)
  2 white imps (IceCv)
  7 ufetubi
  3 worms
  2 dart slugs
  43 orcs
  3 endoplasms
  2 giant cockroaches
  12 goblins
  9 hobgoblins
  7 jackals
  3 quokkas
  5 ball pythons
  4 bats
  6 frilled lizards
  9 kobolds
  3 rats
323 creatures vanquished.

Vanquished Creatures (others)
  20 plants (D:1)
20 creatures vanquished.

Grand Total: 343 creatures vanquished

Notes
Turn   | Place    | Note
-------+----------+-------------------------------------------
     0 | D:1      | Zdeegee the Kobold Brigand began the quest for the Orb.
     0 | D:1      | Reached XP level 1. HP: 12/12 MP: 1/1
     1 | D:1      | Noticed a felid
     1 | D:1      | Noticed a minotaur skeleton
     3 | D:1      | Noticed a troll
     3 | D:1      | Noticed a spriggan
     5 | D:1      | Noticed a draconian
     8 | D:1      | Noticed a minotaur zombie
    10 | D:1      | Noticed a minotaur skeleton
    16 | D:1      | Noticed a minotaur zombie
    16 | D:1      | Noticed a tengu
    17 | D:1      | Noticed a formicid
    19 | D:1      | Noticed a tengu
    96 | D:1      | Reached XP level 2. HP: 17/17 MP: 2/2
   350 | D:1      | Reached skill level 1 in Evocations
   455 | D:1      | Reached skill level 1 in Hexes
   484 | D:1      | Reached XP level 3. HP: 18/21 MP: 3/3
   702 | D:2      | Found a shimmering altar of Xom.
   738 | D:2      | Noticed Sigmund
   742 | D:2      | Killed Sigmund
   743 | D:2      | Reached skill level 7 in Stealth
   743 | D:2      | Reached XP level 4. HP: 27/27 MP: 4/4
   743 | D:2      | Reached XP level 5. HP: 31/31 MP: 5/5
   990 | D:2      | Noticed Natasha
   994 | D:2      | Killed Natasha
   995 | D:2      | Reached XP level 6. HP: 36/36 MP: 6/6
  1081 | D:2      | Learned a level 3 spell: Confusing Touch
  1300 | D:2      | Noticed Natasha
  1307 | D:2      | Killed Natasha
  1308 | D:2      | Reached skill level 8 in Stealth
  1352 | D:2      | Noticed Natasha
  1362 | D:2      | Killed Natasha
  1606 | D:3      | Found a runed translucent gate.
  1607 | D:3      | Found a runed translucent gate.
  1608 | D:3      | Found a runed translucent gate.
  1799 | D:3      | Reached XP level 7. HP: 21/40 MP: 7/7
  2038 | D:3      | Found an ornate altar of the Wu Jian Council.
  2326 | D:3      | Found a burning altar of Makhleb.
  2328 | D:3      | Noticed a green death
  2468 | D:3      | Noticed Bediveer's ghost (amateur GrEE)
  2476 | D:3      | Killed Bediveer's ghost
  2484 | D:3      | Reached skill level 5 in Short Blades
  2484 | D:3      | Reached skill level 9 in Stealth
  2509 | D:4      | Found a staircase to the Ecumenical Temple.
  2511 | D:4      | Noticed Ijyb
  2513 | D:4      | Killed Ijyb
  2521 | Temple   | Entered the Ecumenical Temple
  2566 | D:4      | Reached XP level 8. HP: 31/46 MP: 8/8
  3105 | D:4      | Learned a level 1 spell: Slow
  3143 | D:4      | Noticed Robin
  3190 | D:3      | Killed Robin
  3312 | D:4      | Found Qan Nuimyud's CLEARANCE SALE!.
  3340 | D:4      | Found a white marble altar of Elyvilon.
  3390 | D:4      | Found a glowing silver altar of Zin.
  3412 | D:4      | Found a bloodstained altar of Trog.
  3584 | D:4      | Found a shimmering altar of Xom.
  3584 | D:4      | Found a snail-covered altar of Cheibriados.
  3584 | D:4      | Found a basalt altar of Yredelemnul.
  3588 | D:4      | Found a shimmering blue altar of Sif Muna.
  3588 | D:4      | Found a sparkling altar of Nemelex Xobeh.
  3588 | D:4      | Found a shimmering altar of Xom.
  3778 | D:4      | Found an opulent altar of Gozag.
  3825 | D:4      | Found a runed translucent door.
  3828 | D:4      | Noticed Crazy Yiuf
  3837 | D:4      | Killed Crazy Yiuf
  3908 | D:5      | Entered Level 5 of the Dungeon
  3912 | D:5      | Reached skill level 10 in Stealth
  3915 | D:5      | Reached XP level 9. HP: 52/52 MP: 9/9
  4457 | D:5      | Reached skill level 5 in Dodging
  4664 | D:5      | Found a blossoming altar of Fedhas.
  4701 | D:5      | Reached skill level 1 in Shields
  4817 | D:5      | Noticed Blork the orc
  4821 | D:5      | Killed Blork the orc
  5184 | D:5      | Reached skill level 11 in Stealth
  5276 | D:5      | Noticed a troll
  5276 | D:5      | Noticed a two-headed ogre
  5302 | D:5      | Killed a two-headed ogre
  5303 | D:5      | Reached skill level 1 in Spellcasting
  5303 | D:5      | Reached XP level 10. HP: 17/58 MP: 7/11
  5505 | D:5      | Reached skill level 12 in Stealth
  5592 | D:5      | Reached skill level 5 in Evocations
  5685 | D:5      | Identified the staff of cold "Bocleab" {rC+ rCorr Int+2}
  5957 | D:6      | Reached skill level 5 in Fighting
  5965 | D:6      | Reached skill level 5 in Hexes
  5966 | D:6      | Found a basalt altar of Yredelemnul.
  6331 | D:6      | Identified the +2 dagger "Qanuv" {drain, rF+}
  6632 | D:6      | Found a hide-covered altar of Uskayaw.
  6935 | D:7      | Noticed Duvessa
  6935 | D:7      | Noticed Dowan
  6939 | D:7      | Killed Duvessa
  6959 | D:6      | Killed Dowan
  7114 | D:7      | Found an ancient bone altar of Kikubaaqudgha.
  7318 | D:7      | Reached skill level 13 in Stealth
  7664 | D:7      | Found a glowing golden altar of the Shining One.
  7804 | D:8      | Found a shadowy altar of Dithmenos.
  7805 | D:8      | Found a hazy altar of Hepliaklqana.
  7809 | D:8      | Became a worshipper of Dithmenos the Shadowed
  8051 | D:8      | Found a shimmering blue altar of Sif Muna.
  8121 | D:8      | Noticed Maggie
  8125 | D:8      | Killed Maggie
  8126 | D:8      | Reached skill level 1 in Invocations
  8318 | D:8      | Found a stormy altar of Qazlal.
  8327 | D:8      | Found a radiant altar of Vehumet.
  8464 | D:9      | Reached XP level 11. HP: 64/64 MP: 11/14
  8556 | D:9      | Noticed Amaemon
  8700 | D:9      | Killed Amaemon
  8758 | D:9      | Found a broken altar of Ashenzari.
  8771 | D:9      | Noticed a two-headed ogre
  8788 | D:9      | Killed a two-headed ogre
  8789 | D:9      | Reached skill level 1 in Ranged Weapons
  8918 | D:9      | Reached skill level 14 in Stealth
  8953 | D:9      | Reached * piety under Dithmenos
  9612 | D:9      | Found a staircase to the Orcish Mines.
  9962 | D:9      | Reached ** piety under Dithmenos
 10111 | D:9      | Found a sacrificial altar of Ru.
 10423 | D:10     | Entered Level 10 of the Dungeon
 10427 | D:10     | Reached skill level 10 in Short Blades
 10427 | D:10     | Reached XP level 12. HP: 71/71 MP: 16/16
 10513 | D:10     | Found a transporter.
 10515 | D:10     | Found a transporter.
 10780 | D:10     | Found a snail-covered altar of Cheibriados.
 10839 | D:10     | Found a transporter.
 10845 | D:10     | Found a transporter.
 11026 | D:10     | Found a sparkling altar of Nemelex Xobeh.
 11027 | D:10     | Found a transporter.
 11069 | D:10     | Found a transporter.
 11070 | D:10     | Found a transporter.
 11635 | D:11     | Noticed a two-headed ogre
 12118 | D:11     | Found a frozen archway.
 12218 | IceCv    | Entered an ice cave
 12619 | IceCv    | Reached *** piety under Dithmenos
 12729 | IceCv    | Reached skill level 15 in Stealth
 13089 | IceCv    | HP: 5/106 [ice devil (9)]
 13360 | IceCv    | Noticed a reaper
 13371 | IceCv    | Engulfed by a cloud of freezing vapour

Illustrated notes

Levels and vault maps discovered:
D:1:      shiori_arrival_whats_in_store_for_you, layout_rooms, serial_bayou,
          serial_bayou_crossing, serial_bayou_lake_a, serial_bayou_lagoon_b
D:2:      layout_basic, basic_altar, uniq_sigmund, uniq_natasha
D:3:      layout_loops_ring, pdpol_wu_jian_five_deadly_venoms,
          makhleb_altar_promises_db, gammafunk_ghost_necromancy, moated_statue
D:4:      layout_cave_pools, pdpol_temple_overflow_zin_treasury_gozag_greed,
          amcnicky_altar_gilded, mainiacjoe_overflow_catwalk,
          doesnt_xom_only_xom, minmay_temple_entry_junction,
          nicolae_shop_clearance, uniq_ijyb, uniq_crazy_yiuf_cottage, uniq_robin
D:5:      kennysheep_windowed_halls, layout_cave_pools, fedhas_altar_1,
          minmay_between, uniq_blork_the_orc
D:6:      layout_loops_corners, lemuel_mausoleum_altar_yredelemnul,
          lemuel_crystal_altar, minivault_27
D:7:      layout_loops_ring, kiku_gazebo_pond_becter, tso_altar, uniq_duvessa
D:8:      layout_cave_pools, mainiacjoe_overflow_six_doors_small,
          mainiacjoe_overflow_swirl, riverfiend_overflow_shadow_ancestor,
          uniq_maggie
D:9:      layout_basic, hangedman_ru_absence, lemuel_crystal_altar,
          kennysheep_orc_monster_closet_entryway, special_room
          [special_room_orc], nicolae_wwwww, grunt_ministairs_1, uniq_amaemon
D:10:     layout_irregular_city, kennysheep_slug_shrine,
          grunt_nemelex_the_gamble, serial_nicolae_subway,
          nicolae_sub_station_crystal, nicolae_sub_station_metal,
          nicolae_sub_station_stone
D:11:     layout_gridville, lair_entry_dummy,
          portal_ice_cave_entry_ice_simulacra
Temple:   ebering_the_one_and_only
IceCv:    ice_cave_caverns_01

Skill      XL: |  1  2  3  4  5  6  7  8  9 10 11 12 |
---------------+-------------------------------------+-----
Evocations     | 1 2 3 4 5 6 |  6.7
Hexes          | 1 2 3 4 5 6 7 |  7.1
Short Blades   | 3 4 5 7 8 9 10 | 10.4
Dodging        | 2 3 4 5 6 8 |  8.8
Stealth        | 7 8 9 10 11 13 14 15 | 15.1
Fighting       | 3 4 5 6 |  6.7
Shields        | 1 2 |  2.5
Spellcasting   | 1 2 3 |  3.7
Invocations    | 1 3 4 |  4.7
Ranged Weapons | 1 |  1.2
Throwing       | |  2.3

Action                     |  1- 3 |  4- 6 |  7- 9 | 10-12 || total
---------------------------+-------+-------+-------+-------++-------
  Melee: Short sword       |    42 |    60 |   411 |    85 ||   598
         Punch             |     2 |       |     8 |    12 ||    22
         Dagger            |     1 |       |       |   685 ||   686
   Fire: Sling             |       |     8 |     1 |     4 ||    13
  Throw: Dart              |       |     1 |     3 |       ||     4
   Cast: Confusing Touch   |       |       |     8 |    52 ||    60
         Slow              |       |       |       |     2 ||     2
 Invoke: Shadow Step       |       |       |       |     1 ||     1
  Evoke: Wand              |       |       |       |     8 ||     8
    Use: Scroll            |       |     1 |     5 |    11 ||    17
         Potion            |       |       |       |     3 ||     3
   Stab: Sleeping          |    10 |     9 |    23 |    65 ||   107
         Distracted        |       |     1 |     1 |     7 ||     9
         Confused          |       |       |     7 |    44 ||    51
         Invisible         |       |       |       |     2 ||     2
         Paralysed         |       |       |       |     1 ||     1
 Armour: Robe              |     7 |     4 |    40 |     7 ||    58
         Steam dragon scal |       |       |       |    73 ||    73
         Skin              |       |       |       |    14 ||    14
  Dodge: Dodged            |    13 |    25 |   252 |   517 ||   807
  Block: Other             |       |       |    67 |     2 ||    69

Table legend: (Time is in decaauts)
 A = Elapsed time spent in this place.
 B = Non-inter-level travel time spent in this place.
 C = Inter-level travel time spent in this place.
 D = Time resting spent in this place.
 E = Time spent auto-exploring this place.
 F = Levels seen in this place.
 G = Mean time per level.
                   A        B        C        D        E       F      G
               +--------+--------+--------+--------+--------+-----+--------+
         Total |  12923 |  12631 |    292 |   1567 |   8351 |  13 |  994.1 |
       Dungeon |  11829 |  11537 |    292 |   1214 |   7911 |  11 | 1075.4 |
        Temple |     12 |     12 |      0 |      0 |      0 |   1 |   12.0 |
      Ice Cave |   1082 |   1082 |      0 |    353 |    440 |   1 | 1082.0 |
               +--------+--------+--------+--------+--------+-----+--------+

Top non-repeatable levels by time:
     D:5: 1848 daAuts
     D:9: 1763 daAuts
     D:3: 1313 daAuts
   IceCv: 1082 daAuts
    D:10: 1076 daAuts
     D:4: 1032 daAuts
     D:6: 1004 daAuts
     D:7: 868 daAuts
     D:2: 807 daAuts
     D:8: 770 daAuts
     D:1: 728 daAuts
    D:11: 616 daAuts
  Temple: 12 daAuts
